 Dungeon Crawl Stone Soup version 0.27-a0-1334-g2746e35aca (webtiles) character file.

Game seed: 16998458963630483310

103 octoduck the Conjurer (level 4, -6/33 HPs)
             Began as a Draconian Conjurer on June 26, 2021.
             Mangled by a gnoll (8 damage)
             ... on level 2 of the Dungeon.
             The game lasted 00:13:45 (3016 turns).

octoduck the Conjurer (Draconian Conjurer)          Turns: 3016, Time: 00:13:45

Health: -6/33      AC:  5    Str: 13    XL:     4   Next: 51%
Magic:  3/7        EV: 11    Int: 21    God:
Gold:   47         SH:  0    Dex:  8    Spells: 6/7 levels left

rFire    . . .     SeeInvis .   k - +3 dagger (venom)
rCold    . . .     Faith    +   (no shield)
rNeg     . . .     Spirit   .   (armour unavailable)
rPois    .         Reflect  .   (helmet restricted)
rElec    .         Harm     .   (no cloak)
rCorr    .         Rampage  .   (no gloves)
Will     .....                  (no boots)
Stlth    +.........             h - amulet "Busouges" {Faith Str+4 Int+2 Dex-2}
HPRegen  0.11/turn              (no ring)
MPRegen  0.10/turn              (no ring)

@: lethally poisoned (-6 -> -22)
A: AC +5, unfitting armour, cold-blooded
a: no special abilities


You were on level 2 of the Dungeon.
You visited 1 branch of the dungeon, and saw 2 of its levels.

You collected 47 gold pieces.

Inventory:

Hand Weapons
 k - a +3 dagger of venom (weapon)
Missiles
 i - 14 poisoned darts
Jewellery
 h - the amulet "Busouges" (around neck) {Faith Str+4 Int+2 Dex-2}
   (You acquired it on level 1 of the Dungeon)

   [amulet of faith]

   It allows you to gain divine favour quickly.
   It affects your strength (+4).
   It affects your intelligence (+2).
   It affects your dexterity (-2).
Wands
 c - a wand of digging (6)
Scrolls
 b - a scroll of enchant armour {unknown}
Potions
 a - a potion of ambrosia {unknown}
 d - a potion of magic {unknown}
 e - 2 potions of cancellation
 f - a potion of mutation {unknown}
 j - a potion of might {unknown}


   Skills:
 - Level 1.7 Dodging
 - Level 1.7 Stealth
 - Level 2.0 Spellcasting
 * Level 6.0 Conjurations


You had 6 spell levels left.
You knew the following spells:

 Your Spells              Type           Power      Damage    Failure   Level
a - Magic Dart            Conj           100%       1d8       1%          1

Your spell library contained the following spells:

 Spells                   Type           Power      Damage    Failure   Level
 Searing Ray              Conj           54%        3d5       1%          2
 Dazzling Flash           Conj/Hex       28%        N/A       13%         3
 Fulminant Prism          Conj/Hex       7%         3d7       38%         4
 Iskenderun's Mystic Bla  Conj/Tloc      14%        2d5       38%         4


Dungeon Overview and Level Annotations

Branches:
Dungeon (2/15)

Altars:


Innate Abilities, Weirdness & Mutations

Your plain brown scales are hard. (AC +5)
You cannot fit into any form of body armour.
You are cold-blooded and may be slowed by cold attacks.


Message History

The gnoll is lightly wounded.
You hit the gnoll.
The gnoll is poisoned.
The gnoll is moderately wounded.
The gnoll hits you with a +0 club. The gnoll closely misses you.
You kill the gnoll!
Your Conjurations skill increases to level 6!
Casting: Magic Dart (safe; 1% risk of failure)
Confirm with . or Enter, or press ? or * to list all spells.
Aiming: Magic Dart (safe; 1% risk of failure)
Press: ? - help, Shift-Dir - straight line, f - gnoll
Aim: a gnoll, wielding a +2 spear of venom and wearing a +0 robe (100% to hit)
The magic dart hits the gnoll!
The gnoll is heavily wounded.
The gnoll closely misses you.
The gnoll hits you with a +2 spear of venom.
You are poisoned.
You barely miss the gnoll.
You tail-slap the gnoll, but do no damage.
The gnoll is heavily wounded.
You feel sick.
The gnoll hits you with a +2 spear of venom.
You barely miss the gnoll.
The gnoll is heavily wounded.
You feel sick.
The gnoll hits you with a +2 spear of venom.
You feel sick.
The gnoll hits you from afar with a +2 spear of venom!
* * * LOW HITPOINT WARNING * * *
You are lethally poisoned!
Casting: Magic Dart (safe; 1% risk of failure)
Confirm with . or Enter, or press ? or * to list all spells.
Aiming: Magic Dart (safe; 1% risk of failure)
Press: ? - help, Shift-Dir - straight line, f/p - gnoll
Aim: a gnoll, wielding a +2 spear of venom and wearing a +0 robe (heavily wounded, 100% to hit)
The magic dart hits the gnoll.
The gnoll is severely wounded.
* * * LOW HITPOINT WARNING * * *
You feel very sick.
The gnoll hits you from afar with a +2 spear of venom!
You die...

##############################
#..........g.@................
#.############################
#.# #g# #g# #.#
##################### #
#.###...............[...#
#..#)##......##......#####.#
#.........)..##......# #.#


You could see a gnoll.

Vanquished Creatures
  Robin (D:2)
  2 gnolls (D:2)
  2 adders (D:2)
  A worm (D:2)
  3 dart slugs
  2 endoplasms (D:1)
  14 goblins
  3 hobgoblins
  10 jackals
  5 ball pythons (D:1)
  2 bats
45 creatures vanquished.

Notes
Turn   | Place    | Note
-------+----------+-------------------------------------------
     0 | D:1      | octoduck the Draconian Conjurer began the quest for the
                  | Orb.
     0 | D:1      | Reached XP level 1. HP: 14/14 MP: 3/3
   685 | D:1      | Reached XP level 2. HP: 20/20 MP: 3/5
  1573 | D:1      | Reached skill level 5 in Conjurations
  1577 | D:1      | Reached XP level 3. HP: 26/26 MP: 0/6
  1686 | D:1      | Found a faded altar of an unknown god.
  1784 | D:1      | Identified a scroll of acquirement
  1784 | D:1      | Acquired the amulet "Busouges" {Faith Str+4 Int+2 Dex-2}
  2509 | D:2      | Noticed Robin
  2515 | D:2      | Killed Robin
  2779 | D:2      | Reached XP level 4. HP: 30/33 MP: 3/7
  3011 | D:2      | Reached skill level 6 in Conjurations
  3016 | D:2      | Mangled by a gnoll

Illustrated notes

Levels and vault maps discovered:
D:1:      amcnicky_arrival_flooded_fountain, layout_basic,
          hellmonk_ecumenical_altar_zigzags
D:2:      layout_basic, serial_shops, shop, uniq_robin

Skill      XL: |  1  2  3  4 |
---------------+-------------+-----
Conjurations   | 5 6 |  6.0
Dodging        | |  1.7
Stealth        | |  1.7
Spellcasting   | |  2.0

Action                   |  1- 3 |  4- 6 || total
-------------------------+-------+-------++-------
Melee: Unarmed           |    31 |       ||    31
       Tailslap          |     9 |     1 ||    10
       Dagger            |    59 |     3 ||    62
 Cast: Magic Dart        |    71 |    18 ||    89
  Use: Scroll            |     6 |       ||     6
Armor: Skin              |    31 |       ||    31
Dodge: Dodged            |    81 |     2 ||    83

Table legend: (Time is in decaauts)
 A = Elapsed time spent in this place.
 B = Non-inter-level travel time spent in this place.
 C = Inter-level travel time spent in this place.
 D = Time resting spent in this place.
 E = Time spent auto-exploring this place.
 F = Levels seen in this place.
 G = Mean time per level.
                   A        B        C        D        E       F      G
               +--------+--------+--------+--------+--------+-----+--------+
         Total |   3017 |   2906 |    111 |   1225 |    982 |   2 | 1508.5 |
       Dungeon |   3017 |   2906 |    111 |   1225 |    982 |   2 | 1508.5 |
               +--------+--------+--------+--------+--------+-----+--------+

Top non-repeatable levels by time:
     D:1: 1899 daAuts
     D:2: 1118 daAuts
